MapleLeafs vs Sabres

Created - 10 octobre 2020 at 21:16

Simulating a Pre-Season

Goals
1 2 3 T
MapleLeafs 2 0 1 3
Sabres 2 1 1 4
Shots
1 2 3 T
MapleLeafs 10 11 12 33
Sabres 12 8 14 34

1st period

1. MapleLeafs , Jay Beagle 1 (Anton Stralman 3, Mike Matheson 2) at 7:48
2. Sabres , Kevin Fiala 1 (Leon Draisaitl 8, Erik Gustafsson 3) at 8:50
3. MapleLeafs , Ondrej Palat 2 (Roope Hintz 2) at 15:20
4. Sabres , Leon Draisaitl 5 (Kris Letang 7, Ryan Nugent-Hopkins 5) at 17:10

Penalties :
No Penalty

2nd period

5. Sabres , Leon Draisaitl 6 (Rasmus Ristolainen 4, Rasmus Dahlin 1) at 4:32

Penalties :
Tyler Seguin (BUF) for Hooking (Minor) at 1:15, Leo Komarov (TOR) for Hooking (Minor) at 18:20

3rd period

6. MapleLeafs , Ondrej Palat 3 (Roope Hintz 3, Radko Gudas 1) at 5:36
7. Sabres , Lars Eller 1 (Rasmus Dahlin 2, Luke Glendening 1) at 13:09

Penalties :
No Penalty

Goalie Stats

Jimmy Howard (TOR), 30 saves from 34 shots - (0,882), L, 0-3-0, 59:53 minutes
Matt Murray (BUF), 30 saves from 33 shots - (0,909), W, 3-0-1, 60:00 minutes

Players Stats for MapleLeafs

Player Name              G  A  P  +/- PIM S  H  SB GA TA FO     MP     PP MP  PK MP  
------------------------------------------------------------------------------------
Alex Galchenyuk          0  0  0   0  0   1  0  0  0  0  3/12   11:53   0:58   1:24 
Anton Stralman           0  1  1   1  0   2  4  2  0  0  0/0    19:49   1:01   0:42 
Cody Ceci                0  0  0  -1  0   2  0  3  0  0  0/0    22:58   0:58   1:17 
Dustin Brown             0  0  0  -2  0   2  0  0  0  0  0/0    19:39   0:58   0:00 
Henrik Borgstrom         0  0  0  -2  0   1  0  0  0  0  13/24  19:08   1:01   0:00 
Jack Hughes              0  0  0   0  0   0  0  0  0  0  0/1    10:14   0:00   0:58 
Jamie Oleksiak           0  0  0  -1  0   0  1  0  0  0  0/0    16:55   0:00   0:00 
Jay Beagle               1  0  1   0  0   4  2  0  0  0  10/18  20:31   0:00   1:10 
Jesper Bratt             0  0  0   0  0   4  0  0  0  0  0/0    14:45   0:18   0:19 
Kyle Okposo              0  0  0  -2  0   6  0  0  0  0  1/3    19:08   1:01   0:00 
Leo Komarov              0  0  0   0  2   0  1  1  0  0  0/0    12:33   0:00   0:00 
Mike Matheson            0  1  1   1  0   1  3  0  0  0  0/0    19:49   1:01   0:42 
Ondrej Palat             2  0  2   1  0   6  1  1  0  0  0/1    17:24   0:58   0:00 
Radko Gudas              0  1  1  -1  0   1  0  1  0  0  0/0    21:07   0:58   0:00 
Roope Hintz              0  2  2   1  0   2  0  0  0  0  0/0    16:08   0:00   0:00 
Ryan Murray              0  0  0  -1  0   0  0  0  0  0  0/0    18:46   0:00   1:17 
Sebastian Aho            0  0  0   0  0   0  0  0  0  0  0/0     0:00   0:00   0:00 
Tyler Johnson            0  0  0   1  0   1  2  0  0  0  5/18   17:13   0:43   0:07 

Players Stats for Sabres

Player Name              G  A  P  +/- PIM S  H  SB GA TA FO     MP     PP MP  PK MP  
------------------------------------------------------------------------------------
Adam Pelech              0  0  0   0  0   0  3  0  0  0  0/0    15:24   0:00   1:06 
Alec Martinez            0  0  0   0  0   2  1  2  0  0  0/0    16:06   0:00   1:06 
Erik Gustafsson          0  1  1   0  0   1  1  0  0  0  0/0    21:47   1:41   0:00 
Jimmy Vesey              0  0  0   0  0   1  1  0  0  0  0/0     6:15   0:00   0:00 
Jonathan Drouin          0  0  0  -1  0   3  0  0  0  0  0/2    12:40   0:27   0:00 
Kevin Fiala              1  0  1   2  0   1  0  0  0  0  2/2    19:25   1:14   0:00 
Kris Letang              0  1  1   0  0   5  3  1  0  0  0/0    24:23   1:41   0:53 
Lars Eller               1  0  1  -1  0   3  1  1  0  0  8/14   12:55   0:00   0:42 
Leon Draisaitl           2  1  3   2  0   6  0  0  0  0  18/24  19:57   1:41   0:05 
Luke Glendening          0  1  1  -1  0   0  3  0  0  0  0/2    14:07   0:00   1:12 
Michael Grabner          0  0  0   0  0   0  0  0  0  0  0/2     7:39   0:00   0:42 
Nic Dowd                 0  0  0   0  0   0  1  0  0  0  5/7     8:09   0:00   1:12 
Nikolaj Ehlers           0  0  0   0  0   3  1  0  0  0  0/0    18:59   0:18   0:00 
Rasmus Dahlin            0  2  2   1  0   1  0  3  0  0  0/0    19:31   0:18   0:00 
Rasmus Ristolainen       0  1  1   1  0   3  5  0  0  0  0/0    22:49   0:18   0:53 
Ryan Nugent-Hopkins      0  1  1   2  0   3  2  0  0  0  0/0    19:57   1:41   0:05 
Tyler Seguin             0  0  0   0  2   1  0  2  0  0  11/23  18:58   0:18   0:00 
Victor Olofsson          0  0  0   0  0   1  0  0  0  0  1/1    18:59   0:18   0:00 

3 Stars

1 - Leon Draisaitl (BUF)
2 - Ondrej Palat (TOR)
3 - Kevin Fiala (BUF)

Power Play

MapleLeafs - 0 on 1 Attempt(s) - 0,00%
Sabres - 0 on 1 Attempt(s) - 0,00%

Penalty Kill

MapleLeafs - 1 on 1 Attempt(s) - 100,00% - Score 0 goal in Penalty Kill
Sabres - 1 on 1 Attempt(s) - 100,00% - Score 0 goal in Penalty Kill

Team Stat

MapleLeafs - Hits : 14 - Faceoff Wins : 32 - Blocked Shots : 8 - Penalty Minutes : 2
Sabres - Hits : 22 - Faceoff Wins : 45 - Blocked Shots : 9 - Penalty Minutes : 2

Official

Referees : Justin Kea and Mitch Dunning
Linesman : Derek Amell and Kyle Flemington

Game Notes

No Game Note

% Time on Ice - MapleLeafs

Lines # - Real PCT - Wanted PCT - Time Play
Normal Forward
1 - 33% - 32% - 18:07
2 - 29% - 30% - 16:08
3 - 23% - 24% - 12:34
4 - 16% - 14% - 8:39
Normal Defense
1 - 36% - 36% - 20:09
2 - 33% - 33% - 18:06
3 - 31% - 31% - 17:13
4 - 0% - 0% - 0:00
PP Forward
1 - 51% - 60% - 1:01
2 - 49% - 40% - 0:58
PP Defense
1 - 49% - 60% - 0:58
2 - 51% - 40% - 1:01
PK Forward
1 - 100% - 60% - 1:59
2 - 0% - 40% - 0:00
PK Defense
1 - 65% - 60% - 1:17
2 - 35% - 40% - 0:42
PK3 Forward
1 - 0% - 55%
2 - 0% - 45%
PK3 Defense
1 - 0% - 60%
2 - 0% - 40%
44 Forward
1 - 0% - 60%
2 - 0% - 40%
44 Defense
1 - 0% - 60%
2 - 0% - 40%
Last Minute Offensive  - 0:34
Last Minute Defensive  - 0:00
Total
Forward - 60:00
Defense - 60:00

% Time on Ice - Sabres

Lines # - Real PCT - Wanted PCT - Time Play
Normal Forward
1 - 33% - 40% - 18:11
2 - 34% - 35% - 18:41
3 - 22% - 20% - 12:13
4 - 11% - 5% - 6:15
Normal Defense
1 - 36% - 40% - 20:06
2 - 33% - 35% - 18:08
3 - 26% - 20% - 14:18
4 - 5% - 5% - 2:48
PP Forward
1 - 85% - 60% - 1:41
2 - 15% - 40% - 0:18
PP Defense
1 - 85% - 60% - 1:41
2 - 15% - 40% - 0:18
PK Forward
1 - 65% - 60% - 1:17
2 - 35% - 40% - 0:42
PK Defense
1 - 45% - 60% - 0:53
2 - 55% - 40% - 1:06
PK3 Forward
1 - 0% - 60%
2 - 0% - 40%
PK3 Defense
1 - 0% - 60%
2 - 0% - 40%
44 Forward
1 - 0% - 60%
2 - 0% - 40%
44 Defense
1 - 0% - 60%
2 - 0% - 40%
Last Minute Offensive  - 0:00
Last Minute Defensive  - 0:42
Total
Forward - 60:00
Defense - 60:00

Play-by-Play

1st period


0:01 of 1st period - Henrik Borgstrom wins face-off versus Leon Draisaitl in neutral zone.
0:14 of 1st period - Shot by Leon Draisaitl.
0:14 of 1st period - Deflect By Ryan Nugent-Hopkins.
0:14 of 1st period - Stopped by Jimmy Howard with a rebound.
0:16 of 1st period - Shot by Erik Gustafsson.
0:16 of 1st period - Stopped by Jimmy Howard without a rebound.
0:17 of 1st period - Tyler Johnson wins face-off versus Tyler Seguin in MapleLeafs zone.
0:17 of 1st period - Tyler Johnson is hit by Nikolaj Ehlers.
0:36 of 1st period - Rasmus Dahlin is hit by Anton Stralman and loses puck.
1:33 of 1st period - Shot by Lars Eller.
1:33 of 1st period - Stopped by Jimmy Howard without a rebound.
1:34 of 1st period - Leon Draisaitl wins face-off versus Henrik Borgstrom in MapleLeafs zone.
1:39 of 1st period - Shot by Kevin Fiala.
1:39 of 1st period - Shot Misses the Net.
2:32 of 1st period - Jack Hughes is hit by Kris Letang and loses puck.
2:44 of 1st period - Jay Beagle is hit by Kris Letang and loses puck.
2:47 of 1st period - Shot by Jay Beagle.
2:47 of 1st period - Deflect By Jack Hughes.
2:47 of 1st period - Shot Misses the Net.
2:49 of 1st period - Shot by Jay Beagle.
2:49 of 1st period - Shot Misses the Net.
2:51 of 1st period - Shot by Jamie Oleksiak.
2:51 of 1st period - Deflect By Jack Hughes.
2:51 of 1st period - Shot Blocked by Kris Letang.
2:53 of 1st period - Shot by Jay Beagle.
2:53 of 1st period - Shot Misses the Net.
3:06 of 1st period - Jack Hughes is hit by Ryan Nugent-Hopkins and loses puck.
3:19 of 1st period - Mike Matheson is hit by Ryan Nugent-Hopkins and loses puck.
3:28 of 1st period - Shot by Tyler Johnson.
3:28 of 1st period - Stopped by Matt Murray without a rebound.
3:29 of 1st period - Lars Eller wins face-off versus Tyler Johnson in Sabres zone.
3:48 of 1st period - Shot by Ondrej Palat.
3:48 of 1st period - Shot Blocked by Alec Martinez.
3:50 of 1st period - Shot by Ondrej Palat.
3:50 of 1st period - Stopped by Matt Murray without a rebound.
3:51 of 1st period - Henrik Borgstrom wins face-off versus Tyler Seguin in Sabres zone.
3:56 of 1st period - Shot by Kyle Okposo.
3:56 of 1st period - Stopped by Matt Murray without a rebound.
3:57 of 1st period - Henrik Borgstrom wins face-off versus Tyler Seguin in Sabres zone.
3:57 of 1st period - Henrik Borgstrom is hit by Rasmus Ristolainen.
4:01 of 1st period - Shot by Dustin Brown.
4:01 of 1st period - Shot Blocked by Tyler Seguin.
4:07 of 1st period - Shot by Nikolaj Ehlers.
4:07 of 1st period - Stopped by Jimmy Howard without a rebound.
4:08 of 1st period - Nic Dowd wins face-off versus Jay Beagle in MapleLeafs zone.
4:37 of 1st period - Shot by Michael Grabner.
4:37 of 1st period - Deflect By Nic Dowd.
4:37 of 1st period - Shot Blocked by Anton Stralman.
4:39 of 1st period - Shot by Nic Dowd.
4:39 of 1st period - Deflect By Jimmy Vesey.
4:39 of 1st period - Stopped by Jimmy Howard with a rebound.
4:41 of 1st period - Shot by Michael Grabner.
4:41 of 1st period - Shot Misses the Net.
5:02 of 1st period - Icing by Rasmus Ristolainen.
5:03 of 1st period - Henrik Borgstrom wins face-off versus Tyler Seguin in Sabres zone.
5:12 of 1st period - Shot by Kyle Okposo.
5:12 of 1st period - Stopped by Matt Murray without a rebound.
5:13 of 1st period - Tyler Johnson wins face-off versus Lars Eller in Sabres zone.
5:16 of 1st period - Shot by Ondrej Palat.
5:16 of 1st period - Shot Misses the Net.
6:06 of 1st period - Off-side.
6:07 of 1st period - Tyler Seguin wins face-off versus Kyle Okposo in neutral zone.
6:18 of 1st period - Shot by Tyler Seguin.
6:18 of 1st period - Shot Blocked by Radko Gudas.
6:35 of 1st period - Dustin Brown is hit by Adam Pelech and loses puck.
7:10 of 1st period - Shot by Kris Letang.
7:10 of 1st period - Shot Blocked by Leo Komarov.
7:12 of 1st period - Shot by Kris Letang.
7:12 of 1st period - Stopped by Jimmy Howard without a rebound.
7:13 of 1st period - Leon Draisaitl wins face-off versus Tyler Johnson in MapleLeafs zone.
7:36 of 1st period - Shot by Leon Draisaitl.
7:36 of 1st period - Stopped by Jimmy Howard without a rebound.
7:37 of 1st period - Alex Galchenyuk wins face-off versus Jonathan Drouin in MapleLeafs zone.
7:48 of 1st period - Shot by Jay Beagle.
7:48 of 1st period - Goal by Jay Beagle - MapleLeafs : 1 - Sabres : 0.
7:49 of 1st period - Nic Dowd wins face-off versus Henrik Borgstrom in neutral zone.
8:08 of 1st period - Icing by Kyle Okposo.
8:09 of 1st period - Leon Draisaitl wins face-off versus Henrik Borgstrom in MapleLeafs zone.
8:50 of 1st period - Shot by Kevin Fiala.
8:50 of 1st period - Goal by Kevin Fiala - MapleLeafs : 1 - Sabres : 1.
8:51 of 1st period - Jay Beagle wins face-off versus Tyler Seguin in neutral zone.
9:02 of 1st period - Shot by Leo Komarov.
9:02 of 1st period - Shot Blocked by Rasmus Dahlin.
9:08 of 1st period - Shot by Jesper Bratt.
9:08 of 1st period - Stopped by Matt Murray without a rebound.
9:09 of 1st period - Tyler Johnson wins face-off versus Lars Eller in Sabres zone.
9:10 of 1st period - Shot by Roope Hintz.
9:10 of 1st period - Shot Misses the Net.
9:12 of 1st period - Shot by Mike Matheson.
9:12 of 1st period - Shot Blocked by Lars Eller.
9:14 of 1st period - Shot by Roope Hintz.
9:14 of 1st period - Shot Misses the Net.
9:18 of 1st period - Shot by Ondrej Palat.
9:18 of 1st period - Stopped by Matt Murray without a rebound.
9:19 of 1st period - Tyler Seguin wins face-off versus Alex Galchenyuk in Sabres zone.
9:24 of 1st period - Shot by Nikolaj Ehlers.
9:24 of 1st period - Deflect By Victor Olofsson.
9:24 of 1st period - Shot Misses the Net.
9:34 of 1st period - Shot by Alex Galchenyuk.
9:34 of 1st period - Shot Blocked by Rasmus Dahlin.
10:57 of 1st period - Erik Gustafsson is hit by Tyler Johnson and loses puck.
11:31 of 1st period - Shot by Jonathan Drouin.
11:31 of 1st period - Stopped by Jimmy Howard without a rebound.
11:32 of 1st period - Jay Beagle wins face-off versus Michael Grabner in MapleLeafs zone.
11:47 of 1st period - Shot by Jesper Bratt.
11:47 of 1st period - Stopped by Matt Murray without a rebound.
11:48 of 1st period - Victor Olofsson wins face-off versus Alex Galchenyuk in Sabres zone.
12:20 of 1st period - Alex Galchenyuk is hit by Adam Pelech and loses puck.
12:57 of 1st period - Shot by Dustin Brown.
12:57 of 1st period - Stopped by Matt Murray with a rebound.
13:22 of 1st period - Icing by Adam Pelech.
13:23 of 1st period - Tyler Seguin wins face-off versus Ondrej Palat in Sabres zone.
13:23 of 1st period - Tyler Seguin is hit by Tyler Johnson.
13:28 of 1st period - Nikolaj Ehlers is hit by Mike Matheson and loses puck.
13:54 of 1st period - Icing by Tyler Seguin.
13:55 of 1st period - Tyler Seguin wins face-off versus Jay Beagle in Sabres zone.
15:20 of 1st period - Shot by Ondrej Palat.
15:20 of 1st period - Goal by Ondrej Palat - MapleLeafs : 2 - Sabres : 1.
15:21 of 1st period - Henrik Borgstrom wins face-off versus Michael Grabner in neutral zone.
15:58 of 1st period - Shot by Dustin Brown.
15:58 of 1st period - Shot Misses the Net.
16:28 of 1st period - Shot by Roope Hintz.
16:28 of 1st period - Shot Hit the Post.
17:10 of 1st period - Shot by Leon Draisaitl.
17:10 of 1st period - Goal by Leon Draisaitl - MapleLeafs : 2 - Sabres : 2.
17:11 of 1st period - Henrik Borgstrom wins face-off versus Luke Glendening in neutral zone.
17:36 of 1st period - Off-side.
17:37 of 1st period - Alex Galchenyuk wins face-off versus Leon Draisaitl in neutral zone.
18:01 of 1st period - Icing by Cody Ceci.
18:02 of 1st period - Lars Eller wins face-off versus Alex Galchenyuk in MapleLeafs zone.
19:04 of 1st period - Shot by Tyler Seguin.
19:04 of 1st period - Shot Blocked by Anton Stralman.
19:14 of 1st period - Shot by Alec Martinez.
19:14 of 1st period - Stopped by Jimmy Howard without a rebound.
19:15 of 1st period - Kevin Fiala wins face-off versus Tyler Johnson in MapleLeafs zone.
19:33 of 1st period - Shot by Leon Draisaitl.
19:33 of 1st period - Shot Misses the Net.
19:35 of 1st period - Shot by Rasmus Dahlin.
19:35 of 1st period - Stopped by Jimmy Howard without a rebound.
19:36 of 1st period - Jay Beagle wins face-off versus Nic Dowd in MapleLeafs zone.
19:36 of 1st period - Jay Beagle is hit by Jimmy Vesey.
19:47 of 1st period - Jesper Bratt is hit by Kris Letang and loses puck.
Goals for this period are 2 for MapleLeafs vs 2 for Sabres.
Shots for this period are 10 for MapleLeafs vs 12 for Sabres.

2nd period


0:01 of 2nd period - Leon Draisaitl wins face-off versus Jay Beagle in neutral zone.
0:20 of 2nd period - Shot by Ryan Nugent-Hopkins.
0:20 of 2nd period - Shot Misses the Net.
0:33 of 2nd period - Shot by Jesper Bratt.
0:33 of 2nd period - Deflect By Leo Komarov.
0:33 of 2nd period - Shot Misses the Net.
0:35 of 2nd period - Shot by Jay Beagle.
0:35 of 2nd period - Stopped by Matt Murray with a rebound.
1:12 of 2nd period - Shot by Nikolaj Ehlers.
1:12 of 2nd period - Stopped by Jimmy Howard with a rebound.
1:15 of 2nd period - Minor Penalty to Tyler Seguin for Hooking.
1:16 of 2nd period - Nic Dowd wins face-off versus Tyler Johnson in Sabres zone.
1:30 of 2nd period - Shot by Tyler Johnson.
1:30 of 2nd period - Shot Blocked by Alec Martinez.
2:49 of 2nd period - Shot by Anton Stralman.
2:49 of 2nd period - Shot Misses the Net.
2:51 of 2nd period - Shot by Jesper Bratt.
2:51 of 2nd period - Shot Misses the Net.
2:53 of 2nd period - Shot by Anton Stralman.
2:53 of 2nd period - Stopped by Matt Murray with a rebound.
2:55 of 2nd period - Shot by Anton Stralman.
2:55 of 2nd period - Stopped by Matt Murray without a rebound.
2:56 of 2nd period - Alex Galchenyuk wins face-off versus Lars Eller in Sabres zone.
3:22 of 2nd period - Icing by Erik Gustafsson.
3:23 of 2nd period - Jay Beagle wins face-off versus Tyler Seguin in Sabres zone.
3:27 of 2nd period - Icing by Kris Letang.
3:28 of 2nd period - Jay Beagle wins face-off versus Tyler Seguin in Sabres zone.
4:32 of 2nd period - Shot by Leon Draisaitl.
4:32 of 2nd period - Goal by Leon Draisaitl - MapleLeafs : 2 - Sabres : 3.
4:33 of 2nd period - Lars Eller wins face-off versus Tyler Johnson in neutral zone.
4:53 of 2nd period - Roope Hintz is hit by Alec Martinez.
4:55 of 2nd period - Shot by Ondrej Palat.
4:55 of 2nd period - Shot Misses the Net.
5:25 of 2nd period - Icing by Mike Matheson.
5:26 of 2nd period - Leon Draisaitl wins face-off versus Henrik Borgstrom in MapleLeafs zone.
5:26 of 2nd period - Leon Draisaitl is hit by Mike Matheson.
5:40 of 2nd period - Shot by Leon Draisaitl.
5:40 of 2nd period - Shot Misses the Net.
5:46 of 2nd period - Shot by Dustin Brown.
5:46 of 2nd period - Shot Misses the Net.
6:27 of 2nd period - Shot by Jesper Bratt.
6:27 of 2nd period - Stopped by Matt Murray without a rebound.
6:28 of 2nd period - Tyler Johnson wins face-off versus Tyler Seguin in Sabres zone.
6:38 of 2nd period - Off-side.
6:39 of 2nd period - Lars Eller wins face-off versus Alex Galchenyuk in neutral zone.
7:55 of 2nd period - Tyler Johnson is hit by Rasmus Ristolainen and loses puck.
8:22 of 2nd period - Shot by Kyle Okposo.
8:22 of 2nd period - Shot Blocked by Tyler Seguin.
8:24 of 2nd period - Shot by Kyle Okposo.
8:24 of 2nd period - Stopped by Matt Murray without a rebound.
8:25 of 2nd period - Kevin Fiala wins face-off versus Henrik Borgstrom in Sabres zone.
9:05 of 2nd period - Shot by Ryan Nugent-Hopkins.
9:05 of 2nd period - Shot Misses the Net.
9:07 of 2nd period - Shot by Alec Martinez.
9:07 of 2nd period - Shot Blocked by Cody Ceci.
10:14 of 2nd period - Shot by Jay Beagle.
10:14 of 2nd period - Shot Misses the Net.
10:31 of 2nd period - Shot by Luke Glendening.
10:31 of 2nd period - Shot Misses the Net.
11:15 of 2nd period - Shot by Roope Hintz.
11:15 of 2nd period - Stopped by Matt Murray with a rebound.
11:17 of 2nd period - Shot by Jamie Oleksiak.
11:17 of 2nd period - Shot Misses the Net.
11:23 of 2nd period - Shot by Roope Hintz.
11:23 of 2nd period - Shot Misses the Net.
12:39 of 2nd period - Icing by Ryan Murray.
12:40 of 2nd period - Lars Eller wins face-off versus Tyler Johnson in MapleLeafs zone.
13:08 of 2nd period - Jay Beagle is hit by Rasmus Ristolainen and loses puck.
14:04 of 2nd period - Shot by Kyle Okposo.
14:04 of 2nd period - Stopped by Matt Murray without a rebound.
14:05 of 2nd period - Leon Draisaitl wins face-off versus Henrik Borgstrom in Sabres zone.
14:22 of 2nd period - Shot by Dustin Brown.
14:22 of 2nd period - Stopped by Matt Murray without a rebound.
14:23 of 2nd period - Tyler Seguin wins face-off versus Jack Hughes in Sabres zone.
14:58 of 2nd period - Shot by Nikolaj Ehlers.
14:58 of 2nd period - Stopped by Jimmy Howard with a rebound.
15:48 of 2nd period - Icing by Ryan Murray.
15:49 of 2nd period - Henrik Borgstrom wins face-off versus Lars Eller in MapleLeafs zone.
16:14 of 2nd period - Roope Hintz is hit by Luke Glendening and loses puck.
16:25 of 2nd period - Shot by Roope Hintz.
16:25 of 2nd period - Shot Misses the Net.
16:27 of 2nd period - Shot by Radko Gudas.
16:27 of 2nd period - Stopped by Matt Murray with a rebound.
16:29 of 2nd period - Shot by Cody Ceci.
16:29 of 2nd period - Stopped by Matt Murray without a rebound.
16:30 of 2nd period - Tyler Seguin wins face-off versus Alex Galchenyuk in Sabres zone.
16:38 of 2nd period - Icing by Cody Ceci.
16:39 of 2nd period - Leon Draisaitl wins face-off versus Alex Galchenyuk in MapleLeafs zone.
16:48 of 2nd period - Shot by Kris Letang.
16:48 of 2nd period - Stopped by Jimmy Howard without a rebound.
16:49 of 2nd period - Tyler Seguin wins face-off versus Tyler Johnson in MapleLeafs zone.
16:56 of 2nd period - Shot by Rasmus Ristolainen.
16:56 of 2nd period - Stopped by Jimmy Howard without a rebound.
16:57 of 2nd period - Leon Draisaitl wins face-off versus Henrik Borgstrom in MapleLeafs zone.
17:00 of 2nd period - Shot by Leon Draisaitl.
17:00 of 2nd period - Shot Misses the Net.
17:02 of 2nd period - Shot by Kris Letang.
17:02 of 2nd period - Stopped by Jimmy Howard without a rebound.
17:03 of 2nd period - Jay Beagle wins face-off versus Leon Draisaitl in MapleLeafs zone.
17:12 of 2nd period - Shot by Jay Beagle.
17:12 of 2nd period - Stopped by Matt Murray without a rebound.
17:13 of 2nd period - Tyler Seguin wins face-off versus Henrik Borgstrom in Sabres zone.
17:48 of 2nd period - Shot by Kyle Okposo.
17:48 of 2nd period - Shot Misses the Net.
17:50 of 2nd period - Shot by Anton Stralman.
17:50 of 2nd period - Shot Misses the Net.
18:20 of 2nd period - Minor Penalty to Leo Komarov for Hooking.
18:21 of 2nd period - Leon Draisaitl wins face-off versus Jay Beagle in MapleLeafs zone.
18:34 of 2nd period - Shot by Leon Draisaitl.
18:34 of 2nd period - Stopped by Jimmy Howard with a rebound.
19:30 of 2nd period - Shot by Nikolaj Ehlers.
19:30 of 2nd period - Shot Misses the Net.
19:32 of 2nd period - Shot by Rasmus Ristolainen.
19:32 of 2nd period - Stopped by Jimmy Howard without a rebound.
19:33 of 2nd period - Leon Draisaitl wins face-off versus Alex Galchenyuk in MapleLeafs zone.
Goals for this period are 0 for MapleLeafs vs 1 for Sabres.
Shots for this period are 11 for MapleLeafs vs 8 for Sabres.

3rd period


0:01 of 3rd period - Leon Draisaitl wins face-off versus Jay Beagle in neutral zone.
0:04 of 3rd period - Shot by Kris Letang.
0:04 of 3rd period - Stopped by Jimmy Howard without a rebound.
0:05 of 3rd period - Leon Draisaitl wins face-off versus Jay Beagle in MapleLeafs zone.
0:14 of 3rd period - Shot by Leon Draisaitl.
0:14 of 3rd period - Stopped by Jimmy Howard without a rebound.
0:15 of 3rd period - Leon Draisaitl wins face-off versus Jay Beagle in MapleLeafs zone.
0:23 of 3rd period - Icing by Rasmus Dahlin.
0:24 of 3rd period - Tyler Seguin wins face-off versus Tyler Johnson in Sabres zone.
0:29 of 3rd period - Shot by Victor Olofsson.
0:29 of 3rd period - Stopped by Jimmy Howard with a rebound.
0:46 of 3rd period - Shot by Tyler Johnson.
0:46 of 3rd period - Shot Blocked by Rasmus Dahlin.
0:48 of 3rd period - Shot by Cody Ceci.
0:48 of 3rd period - Stopped by Matt Murray without a rebound.
0:49 of 3rd period - Jay Beagle wins face-off versus Leon Draisaitl in Sabres zone.
1:22 of 3rd period - Shot by Jesper Bratt.
1:22 of 3rd period - Stopped by Matt Murray without a rebound.
1:23 of 3rd period - Tyler Seguin wins face-off versus Tyler Johnson in Sabres zone.
2:00 of 3rd period - Roope Hintz is hit by Rasmus Ristolainen and loses puck.
2:35 of 3rd period - Icing by Dustin Brown.
2:36 of 3rd period - Leon Draisaitl wins face-off versus Kyle Okposo in MapleLeafs zone.
2:36 of 3rd period - Kevin Fiala is hit by Anton Stralman and loses puck.
2:51 of 3rd period - Icing by Dustin Brown.
2:52 of 3rd period - Lars Eller wins face-off versus Henrik Borgstrom in MapleLeafs zone.
2:52 of 3rd period - Kris Letang is hit by Anton Stralman and loses puck.
3:10 of 3rd period - Jonathan Drouin is hit by Mike Matheson and loses puck.
3:13 of 3rd period - Shot by Luke Glendening.
3:13 of 3rd period - Shot Misses the Net.
3:15 of 3rd period - Shot by Kris Letang.
3:15 of 3rd period - Deflect By Lars Eller.
3:15 of 3rd period - Stopped by Jimmy Howard without a rebound.
3:16 of 3rd period - Jay Beagle wins face-off versus Leon Draisaitl in MapleLeafs zone.
3:30 of 3rd period - Rasmus Ristolainen is hit by Jay Beagle and loses puck.
3:38 of 3rd period - Rasmus Dahlin is hit by Leo Komarov and loses puck.
3:48 of 3rd period - Rasmus Dahlin is hit by Jamie Oleksiak and loses puck.
4:44 of 3rd period - Shot by Ondrej Palat.
4:44 of 3rd period - Stopped by Matt Murray without a rebound.
4:45 of 3rd period - Henrik Borgstrom wins face-off versus Lars Eller in Sabres zone.
4:49 of 3rd period - Icing by Alec Martinez.
4:50 of 3rd period - Kyle Okposo wins face-off versus Jonathan Drouin in Sabres zone.
5:04 of 3rd period - Shot by Jonathan Drouin.
5:04 of 3rd period - Stopped by Jimmy Howard without a rebound.
5:05 of 3rd period - Leon Draisaitl wins face-off versus Tyler Johnson in MapleLeafs zone.
5:14 of 3rd period - Shot by Roope Hintz.
5:14 of 3rd period - Stopped by Matt Murray without a rebound.
5:15 of 3rd period - Henrik Borgstrom wins face-off versus Tyler Seguin in Sabres zone.
5:18 of 3rd period - Shot by Kyle Okposo.
5:18 of 3rd period - Stopped by Matt Murray with a rebound.
5:22 of 3rd period - Shot by Kyle Okposo.
5:22 of 3rd period - Stopped by Matt Murray without a rebound.
5:23 of 3rd period - Leon Draisaitl wins face-off versus Tyler Johnson in Sabres zone.
5:36 of 3rd period - Shot by Ondrej Palat.
5:36 of 3rd period - Goal by Ondrej Palat - MapleLeafs : 3 - Sabres : 3.
5:37 of 3rd period - Henrik Borgstrom wins face-off versus Tyler Seguin in neutral zone.
6:11 of 3rd period - Shot by Henrik Borgstrom.
6:11 of 3rd period - Stopped by Matt Murray without a rebound.
6:12 of 3rd period - Jay Beagle wins face-off versus Leon Draisaitl in Sabres zone.
6:27 of 3rd period - Shot by Leon Draisaitl.
6:27 of 3rd period - Deflect By Ryan Nugent-Hopkins.
6:27 of 3rd period - Stopped by Jimmy Howard without a rebound.
6:28 of 3rd period - Lars Eller wins face-off versus Tyler Johnson in MapleLeafs zone.
6:36 of 3rd period - Off-side.
6:37 of 3rd period - Leon Draisaitl wins face-off versus Jay Beagle in neutral zone.
6:41 of 3rd period - Erik Gustafsson is hit by Jay Beagle and loses puck.
6:48 of 3rd period - Shot by Jay Beagle.
6:48 of 3rd period - Stopped by Matt Murray with a rebound.
7:12 of 3rd period - Shot by Jay Beagle.
7:12 of 3rd period - Shot Misses the Net.
7:36 of 3rd period - Shot by Kyle Okposo.
7:36 of 3rd period - Shot Misses the Net.
7:38 of 3rd period - Shot by Ryan Murray.
7:38 of 3rd period - Shot Misses the Net.
7:45 of 3rd period - Henrik Borgstrom is hit by Erik Gustafsson and loses puck.
8:34 of 3rd period - Rasmus Dahlin is hit by Anton Stralman and loses puck.
8:57 of 3rd period - Shot by Tyler Seguin.
8:57 of 3rd period - Stopped by Jimmy Howard without a rebound.
8:58 of 3rd period - Jay Beagle wins face-off versus Lars Eller in MapleLeafs zone.
9:28 of 3rd period - Cody Ceci is hit by Luke Glendening and loses puck.
9:33 of 3rd period - Shot by Jonathan Drouin.
9:33 of 3rd period - Stopped by Jimmy Howard without a rebound.
9:34 of 3rd period - Henrik Borgstrom wins face-off versus Nic Dowd in MapleLeafs zone.
9:56 of 3rd period - Icing by Jamie Oleksiak.
9:57 of 3rd period - Tyler Seguin wins face-off versus Henrik Borgstrom in MapleLeafs zone.
10:25 of 3rd period - Off-side.
10:26 of 3rd period - Lars Eller wins face-off versus Tyler Johnson in neutral zone.
10:57 of 3rd period - Tyler Johnson is hit by Rasmus Ristolainen.
11:01 of 3rd period - Shot by Ondrej Palat.
11:01 of 3rd period - Stopped by Matt Murray with a rebound.
11:03 of 3rd period - Shot by Mike Matheson.
11:03 of 3rd period - Shot Misses the Net.
11:05 of 3rd period - Shot by Mike Matheson.
11:05 of 3rd period - Stopped by Matt Murray without a rebound.
11:06 of 3rd period - Leon Draisaitl wins face-off versus Alex Galchenyuk in Sabres zone.
11:26 of 3rd period - Shot by Kevin Fiala.
11:26 of 3rd period - Shot Misses the Net.
11:30 of 3rd period - Shot by Ryan Nugent-Hopkins.
11:30 of 3rd period - Shot Blocked by Cody Ceci.
11:32 of 3rd period - Shot by Kris Letang.
11:32 of 3rd period - Stopped by Jimmy Howard with a rebound.
11:34 of 3rd period - Shot by Erik Gustafsson.
11:34 of 3rd period - Shot Misses the Net.
12:44 of 3rd period - Alex Galchenyuk is hit by Luke Glendening and loses puck.
13:07 of 3rd period - Shot by Luke Glendening.
13:07 of 3rd period - Shot Blocked by Cody Ceci.
13:09 of 3rd period - Shot by Rasmus Dahlin.
13:09 of 3rd period - Deflect By Lars Eller.
13:09 of 3rd period - Goal by Lars Eller - MapleLeafs : 3 - Sabres : 4.
13:10 of 3rd period - Nic Dowd wins face-off versus Henrik Borgstrom in neutral zone.
13:27 of 3rd period - Shot by Dustin Brown.
13:27 of 3rd period - Shot Misses the Net.
14:36 of 3rd period - Shot by Leon Draisaitl.
14:36 of 3rd period - Stopped by Jimmy Howard with a rebound.
14:38 of 3rd period - Shot by Ryan Nugent-Hopkins.
14:38 of 3rd period - Stopped by Jimmy Howard with a rebound.
14:40 of 3rd period - Shot by Rasmus Ristolainen.
14:40 of 3rd period - Stopped by Jimmy Howard without a rebound.
14:41 of 3rd period - Henrik Borgstrom wins face-off versus Tyler Seguin in MapleLeafs zone.
15:45 of 3rd period - Ryan Murray is hit by Lars Eller.
17:35 of 3rd period - Shot by Jay Beagle.
17:35 of 3rd period - Shot Misses the Net.
17:37 of 3rd period - Shot by Alex Galchenyuk.
17:37 of 3rd period - Stopped by Matt Murray without a rebound.
17:38 of 3rd period - Tyler Johnson wins face-off versus Tyler Seguin in Sabres zone.
17:38 of 3rd period - Tyler Johnson is hit by Adam Pelech.
17:50 of 3rd period - Alec Martinez is hit by Ondrej Palat and loses puck.
18:01 of 3rd period - Shot by Alec Martinez.
18:01 of 3rd period - Shot Blocked by Ondrej Palat.
18:03 of 3rd period - Shot by Alec Martinez.
18:03 of 3rd period - Stopped by Jimmy Howard without a rebound.
18:04 of 3rd period - Nic Dowd wins face-off versus Alex Galchenyuk in MapleLeafs zone.
18:16 of 3rd period - Mike Matheson is hit by Nic Dowd.
19:17 of 3rd period - Icing by Henrik Borgstrom.
19:18 of 3rd period - Henrik Borgstrom wins face-off versus Luke Glendening in MapleLeafs zone.
19:53 of 3rd period - MapleLeafs, Jimmy Howard is pulled from the net.
Goals for this period are 1 for MapleLeafs vs 1 for Sabres.
Shots for this period are 12 for MapleLeafs vs 14 for Sabres.